 Dungeon Crawl Stone Soup version 0.27-a0-345-g7370b58738 (console) character file.

Game seed: 7999318585319872921

7848 Garrluk the Martial Artist (level 11, 0/90 HPs)
             Began as a Naga Transmuter on Feb 15, 2021.
             Was an Elder of Cheibriados.
             Slain by an eight-headed hydra (9 damage)
             ... on level 1 of the Lair of Beasts.
             The game lasted 00:55:27 (6428 turns).

Garrluk the Martial Artist (Naga Transmuter)        Turns: 6428, Time: 00:55:28

Health: 0/90       AC:  5    Str: 21    XL:     11   Next: 21%
Magic:  15/21      EV: 14    Int: 26    God:    Cheibriados [****..]
Gold:   477        SH:  0    Dex: 21    Spells: 8/24 levels left

rFire    . . .     SeeInvis +     - Unarmed
rCold    . . .     Faith    .   (shield currently unavailable)
rNeg     . . .     Spirit   .   a - +0 robe
rPois    +         Reflect  .   B - +0 helmet
rElec    .         Harm     .   (no cloak)
rCorr    .         Rampage  .   (gloves currently unavailable)
Will     +....                  (no barding)
Stlth    ++........             l - amulet of regeneration
HPRegen  1.25/turn              m - +4 ring of evasion
MPRegen  0.17/turn              t - +4 ring of slaying

@: blade hands, wereblooded, very slightly contaminated, very slow
A: large, see invisible, deformed body, poison resistance, slowness 2, spit
poison 1, AC +3
a: Spit Poison, End Transformation, Renounce Religion, Bend Time, Temporal
Distortion, Slouch


You were on level 1 of the Lair of Beasts.
You worshipped Cheibriados.
Cheibriados was greatly pleased with you.
You had blades for hands.
You visited 3 branches of the dungeon, and saw 13 of its levels.
You also visited: Sewer.

You collected 477 gold pieces.

Notes
Turn   | Place    | Note
-------+----------+-------------------------------------------
     0 | D:1      | Garrluk the Naga Transmuter began the quest for the Orb.
     0 | D:1      | Reached XP level 1. HP: 18/18 MP: 3/3
   204 | D:1      | Reached XP level 2. HP: 25/25 MP: 5/5
   874 | D:2      | Reached XP level 3. HP: 29/31 MP: 4/6
  1515 | D:3      | Reached XP level 4. HP: 25/38 MP: 5/8
  1557 | D:3      | Found a glowing drain.
  1566 | Sewer    | Entered a sewer
  1615 | Sewer    | Noticed a kobold brigand
  1638 | Sewer    | Killed a kobold brigand
  1639 | Sewer    | Reached XP level 5. HP: 41/44 MP: 9/9
  1647 | Sewer    | Learned a level 2 spell: Wereblood
  1653 | Sewer    | Learned a level 5 spell: Blade Hands
  1687 | Sewer    | Found a white marble altar of Elyvilon.
  2001 | D:4      | Reached skill level 5 in Transmutations
  2001 | D:4      | Reached XP level 6. HP: 48/51 MP: 11/11
  2313 | D:4      | Reached XP level 7. HP: 57/57 MP: 5/13
  2704 | D:5      | Entered Level 5 of the Dungeon
  2769 | D:5      | Reached XP level 8. HP: 56/64 MP: 10/15
  2811 | D:5      | Reached skill level 5 in Spellcasting
  2858 | D:5      | Got a steaming leather armour
  2859 | D:5      | Identified the +0 leather armour "Mequag" {rPois MP+9 SInv}
                  | (You found it on level 5 of the Dungeon)
  2906 | D:5      | Noticed Grinder
  2908 | D:5      | Paralysed by Grinder for 4 turns
  2920 | D:5      | Killed Grinder
  3075 | D:5      | Learned a level 3 spell: Spider Form
  3080 | D:5      | Learned a level 4 spell: Ice Form
  3296 | D:6      | Noticed Maggie
  3510 | D:7      | Reached XP level 9. HP: 61/70 MP: 18/18
  3708 | D:6      | Noticed Blork the orc
  3712 | D:6      | Killed Blork the orc
  3713 | D:6      | Reached skill level 10 in Transmutations
  3970 | D:6      | Found an opulent altar of Gozag.
  4042 | D:6      | Learned a level 1 spell: Apportation
  4046 | D:6      | Found a staircase to the Ecumenical Temple.
  4052 | Temple   | Entered the Ecumenical Temple
  4066 | Temple   | Became a worshipper of Cheibriados the Contemplative
  4427 | D:7      | Found an ornate altar of the Wu Jian Council.
  4427 | D:7      | Found a hide-covered altar of Uskayaw.
  4428 | D:7      | Found a bloodstained altar of Trog.
  4566 | D:8      | Reached * piety under Cheibriados
  4663 | D:8      | Reached skill level 4 in Unarmed Combat
  4722 | D:8      | Reached skill level 5 in Unarmed Combat
  4813 | D:8      | Reached skill level 6 in Unarmed Combat
  4813 | D:8      | Reached XP level 10. HP: 78/78 MP: 20/20
  4927 | D:8      | Found a white marble altar of Elyvilon.
  4927 | D:8      | Noticed an angel
  4928 | D:8      | Found a runed translucent door.
  5326 | D:9      | Found an iron altar of Okawaru.
  5387 | D:9      | Reached skill level 7 in Unarmed Combat
  5393 | D:9      | Reached ** piety under Cheibriados
  5438 | D:9      | Found a sacrificial altar of Ru.
  5741 | D:10     | Entered Level 10 of the Dungeon
  5741 | D:10     | Noticed a gargoyle
  5808 | D:10     | Found a staircase to the Lair.
  5808 | D:10     | Noticed a two-headed ogre
  5812 | D:10     | Killed a two-headed ogre
  5813 | D:10     | Reached skill level 8 in Unarmed Combat
  5823 | D:10     | Got a spiked leather armour
  5824 | D:10     | Identified the +5 leather armour of Zin's Anger {rC+ rCorr
                  | MP+9 Str-3} (You found it on level 10 of the Dungeon)
  5976 | D:10     | Killed a gargoyle
  5977 | D:10     | Reached skill level 9 in Unarmed Combat
  5991 | D:10     | Noticed a deep elf pyromancer
  6003 | D:10     | Reached *** piety under Cheibriados
  6011 | D:10     | Killed a deep elf pyromancer
  6012 | D:10     | Reached skill level 10 in Unarmed Combat
  6102 | D:10     | Noticed a two-headed ogre
  6110 | D:10     | Killed a two-headed ogre
  6111 | D:10     | Reached XP level 11. HP: 16/86 MP: 16/21
  6401 | Lair:1   | Entered Level 1 of the Lair of Beasts
  6412 | Lair:1   | Reached skill level 11 in Unarmed Combat
  6421 | Lair:1   | Reached **** piety under Cheibriados
  6424 | Lair:1   | Noticed a seven-headed hydra
  6428 | Lair:1   | Slain by an eight-headed hydra

Inventory:

Hand Weapons
 h - a +2 whip of freezing
   (You took it off a kobold on level 1 of the Dungeon)
Missiles
 k - 2 curare-tipped darts
Armour
 a - a +0 robe (worn)
 p - a +0 pair of gloves (melded)
   (You found it on level 3 of the Dungeon)
 y - +0 fire dragon scales
   (You found it on level 4 of the Dungeon)
 z - the +0 leather armour "Mequag" {rPois MP+9 SInv}
   (You found it on level 5 of the Dungeon)

   It protects you from poison.
   It affects your magic capacity (+9).
   It lets you see invisible.
 B - a +0 helmet (worn)
   (You found it on level 8 of the Dungeon)
 C - the +5 leather armour of Zin's Anger {rC+ rCorr MP+9 Str-3}
   (You found it on level 10 of the Dungeon)

   It affects your strength (-3).
   It protects you from cold.
   It affects your magic capacity (+9).
   It provides partial protection from all sources of acid and corrosion.
Jewellery
 e - an amulet of faith
   (You found it on level 1 of the Dungeon)
 l - an amulet of regeneration (around neck)
   (You found it on level 2 of the Dungeon)
 m - a +4 ring of evasion (left scythe-like blade)
   (You found it on level 3 of the Dungeon)
 n - a ring of protection from fire
   (You found it on level 3 of the Dungeon)
 t - a +4 ring of slaying (right scythe-like blade)
   (You found it on level 4 of the Dungeon)
Wands
 j - a wand of iceblast (20)
   (You found it on level 2 of the Dungeon)
Scrolls
 c - 2 scrolls of identify
 d - 4 scrolls of teleportation {unknown}
 o - 2 scrolls of enchant weapon {unknown}
 u - 2 scrolls of amnesia {unknown}
 w - 2 scrolls of immolation
 x - a scroll of magic mapping {unknown}
 A - a scroll of fog {unknown}
Potions
 b - 4 potions of flight
 f - 2 potions of curing
 i - a potion of heal wounds
 q - a potion of resistance
 r - 2 potions of magic
 v - 6 potions of attraction
 D - a potion of lignification {unknown}

Table legend: (Time is in decaauts)
 A = Elapsed time spent in this place.
 B = Non-inter-level travel time spent in this place.
 C = Inter-level travel time spent in this place.
 D = Time resting spent in this place.
 E = Time spent auto-exploring this place.
 F = Levels seen in this place.
 G = Mean time per level.
                   A        B        C        D        E       F      G
               +--------+--------+--------+--------+--------+-----+--------+
         Total |   9377 |   8937 |    440 |    179 |    431 |  14 |  669.8 |
       Dungeon |   9073 |   8649 |    424 |    179 |    420 |  11 |  824.8 |
        Temple |     33 |     17 |     16 |      0 |     11 |   1 |   33.0 |
          Lair |     28 |     28 |      0 |      0 |      0 |   1 |   28.0 |
         Sewer |    242 |    242 |      0 |      0 |      0 |   1 |  242.0 |
               +--------+--------+--------+--------+--------+-----+--------+

Top non-repeatable levels by time:
     D:9: 1172 daAuts
     D:8: 1075 daAuts
    D:10: 1073 daAuts
     D:4: 1035 daAuts
     D:6: 952 daAuts
     D:7: 895 daAuts
     D:1: 832 daAuts
     D:3: 808 daAuts
     D:2: 671 daAuts
     D:5: 553 daAuts
   Sewer: 242 daAuts
  Temple: 33 daAuts
  Lair:1: 28 daAuts
    D:11: 1 daAuts


   Skills:
 + Level 3.4 Fighting
 - Level 1.5 Dodging
 * Level 11.2 Unarmed Combat
 - Level 7.0 Spellcasting
 - Level 10.5 Transmutations


You had 8 spell levels left.
You knew the following spells:

 Your Spells              Type           Power        Failure   Level
a - Beastly Appendage     Tmut           100%         7%          1
b - Wereblood             Tmut           59%          8%          2
c - Blade Hands           Tmut           29%          22%         5
d - Spider Form           Tmut/Pois      18%          22%         3
e - Ice Form              Ice/Tmut       36%          38%         4
f - Apportation           Tloc           18%          36%         1

Your spell library contained the following spells:

 Spells                   Type           Power        Failure   Level
 Animate Skeleton         Necr           18%          36%         1
 Corona                   Hex            10%          36%         1
 Summon Small Mammal      Summ           36%          36%         1


Dungeon Overview and Level Annotations

Branches:
Dungeon (11/15)            Temple (1/1) D:6            Lair (1/6) D:10
  Sewer (visited)
    Orc: D:9-12

Altars:
Ashenzari
Cheibriados
Elyvilon
Gozag
Okawaru
Qazlal
Ru
Trog
Uskayaw
Wu Jian
The Shining One

Annotations:
D:6 Maggie
D:8 1 runed translucent door


Innate Abilities, Weirdness & Mutations

You cannot wear boots.
Your serpentine skin is tough. (AC +3)
You have supernaturally acute eyesight. (SInv)
Armour fits poorly on your strangely shaped body.
Your system is resistant to poisons. (rPois)
You cover ground very slowly.
You can spit poison.


Message History

You shred the wolf!!!
You kill the wolf!
Cheibriados thoroughly appreciates the change of pace.
You howl as the wereblood boils in your veins!
The wolf barely misses you.
You shred the wolf!!!
You kill the wolf!
Cheibriados thoroughly appreciates the change of pace.
You can now inflict damage on those overly hasty.
Cheibriados raises the support of your attributes as your movement slows.
You slice the wolf!! You slash the wolf.
You kill the wolf!
Cheibriados thoroughly appreciates the change of pace.
You howl as the wereblood boils in your veins!
Things that are here:
a wolf corpse; a wolf corpse A seven-headed hydra comes into view.
Things that are here:
a wolf corpse; a wolf corpse
There is a staircase back to the Dungeon, spattered with blood here.
Casting: Blade Hands (dangerous; 22% risk of failure)
Confirm with . or Enter, or press ? or * to list all spells.
You miscast Ice Form.
You are very lightly contaminated with residual magic.
Heat is drained from your body!
The seven-headed hydra bites you but does no damage.
The seven-headed hydra bites you!
* * * LOW HITPOINT WARNING * * *
The seven-headed hydra closely misses you.
The seven-headed hydra bites you.
* * * LOW HITPOINT WARNING * * *
The seven-headed hydra bites you but does no damage.
The seven-headed hydra barely misses you.
The seven-headed hydra bites you!
* * * LOW HITPOINT WARNING * * *
You lop one of the seven-headed hydra's heads off!
The six-headed hydra grows two more!
You slash the eight-headed hydra! You slash the eight-headed hydra!!
The eight-headed hydra is heavily wounded.
The eight-headed hydra bites you!
You die...

.... .... .....
..... ......
......# .
.......######....
.......@D........
+#.....††........
#...............
#..P#####.##.##.
#..# ## # #.. #.
#


You could see an eight-headed hydra.

Table legend:
 A = Kills in this place as a percentage of kills in entire the game.
 B = Kills by you in this place as a percentage of kills by you in the entire game.
 C = Kills by friends in this place as a percentage of kills by friends in the entire game.
 D = Other kills in this place as a percentage of other kills in the entire game.
 E = Experience gained in this place as a percentage of experience gained in the entire game.
 F = Experience gained in this place divided by the number of levels of this place that you have seen.
                   A       B       C       D       E      F
               +-------+-------+-------+-------+-------+----------------------
         Total | 100.0 | 100.0 |   N/A |   N/A | 100.0 | 800.9
       Dungeon |  90.9 |  90.9 |   N/A |   N/A |  88.4 | 900.7
          Lair |   4.3 |   4.3 |   N/A |   N/A |  10.5 | 1181.0
         Sewer |   4.8 |   4.8 |   N/A |   N/A |   1.1 | 123.0
               +-------+-------+-------+-------+-------+----------------------

Vanquished Creatures
  Monster Symbol All '5' Grinder (D:5)
  A quasit (D:8)
  2 shadow imps
  A white imp (D:5)
  4 ufetubi
9 creatures vanquished. All '9' A gargoyle (D:10)
1 creature vanquished. All 'B' 11 worker ants 7 giant cockroaches
18 creatures vanquished. All 'F' 4 bullfrogs
4 creatures vanquished. All 'J' 2 jellies An ooze (D:6)
3 creatures vanquished. All 'K' 2 kobold brigands 12 kobolds
14 creatures vanquished. All 'O' 2 two-headed ogres (D:10) 8 ogres
10 creatures vanquished. All 'S' A water moccasin (D:10) 5 adders 2 ball pythons
8 creatures vanquished. All 'W' 2 phantoms
2 creatures vanquished. All 'Y' 4 yaks 2 sky beasts 2 ice beasts
8 creatures vanquished. All 'Z' A bullfrog skeleton (D:10) 2 centaur skeletons A hound zombie (D:7) 2 hound skeletons 2 howler monkey skeletons A howler monkey zombie (D:5) A worker ant zombie (D:9) An adder zombie (D:5) A jackal zombie (D:6) A leopard gecko skeleton (D:6) 2 quokka zombies
15 creatures vanquished. All 'b' 10 bats
10 creatures vanquished. All 'c' 2 centaurs
2 creatures vanquished. All 'e' A deep elf pyromancer (D:10)
1 creature vanquished. All 'g' A goblin (D:1) 4 hobgoblins
5 creatures vanquished. All 'h' A black bear (D:10) 10 wolves (Lair:1) 5 howler monkeys 5 hounds 12 jackals
33 creatures vanquished. All 'l' 2 wyverns (D:10) 2 iguanas 3 leopard geckos 2 frilled lizards
9 creatures vanquished. All 'n' A necrophage (D:6)
1 creature vanquished. All 'o' An orc warrior (D:9) Blork the orc (D:6) An orc priest (D:4) 15 orc wizards 36 orcs
54 creatures vanquished. All 'r' 2 river rats A quokka (D:7) 8 rats
11 creatures vanquished. All 's' 5 scorpions
5 creatures vanquished. All 'w' 6 worms A dart slug (D:4)
7 creatures vanquished.
230 creatures vanquished. Monster Nature Uniques Grinder (D:5) Blork the orc (D:6)
2 creatures vanquished. Natural Monsters 2 two-headed ogres (D:10) A deep elf pyromancer (D:10) 2 wyverns (D:10) 4 yaks A water moccasin (D:10) An orc warrior (D:9) 2 sky beasts A black bear (D:10) 2 ice beasts 8 ogres 10 wolves (Lair:1) 2 centaurs 4 bullfrogs 2 kobold brigands 5 scorpions 5 howler monkeys An orc priest (D:4) 5 hounds 2 jellies 2 iguanas 15 orc wizards 11 worker ants 2 river rats 5 adders An ooze (D:6) 6 worms A dart slug (D:4) 3 leopard geckos 36 orcs 10 bats 7 giant cockroaches A goblin (D:1) 4 hobgoblins 12 jackals A quokka (D:7) 2 ball pythons 2 frilled lizards 12 kobolds 8 rats
201 creatures vanquished. Non-Living Monsters A gargoyle (D:10)
1 creature vanquished. Undead Monsters A necrophage (D:6) 2 phantoms A bullfrog skeleton (D:10) 2 centaur skeletons A hound zombie (D:7) 2 hound skeletons 2 howler monkey skeletons A howler monkey zombie (D:5) A worker ant zombie (D:9) An adder zombie (D:5) A jackal zombie (D:6) A leopard gecko skeleton (D:6) 2 quokka zombies
18 creatures vanquished. Demonic Monsters A quasit (D:8) 2 shadow imps A white imp (D:5) 4 ufetubi
8 creatures vanquished.
230 creatures vanquished. Ascending Order A deep elf pyromancer (D:10) A gargoyle (D:10) Grinder (D:5) A water moccasin (D:10) An orc warrior (D:9) A black bear (D:10) A necrophage (D:6) Blork the orc (D:6) A quasit (D:8) A bullfrog skeleton (D:10) An orc priest (D:4) A hound zombie (D:7) A howler monkey zombie (D:5) A worker ant zombie (D:9) A white imp (D:5) An ooze (D:6) An adder zombie (D:5) A dart slug (D:4) A quokka (D:7) A goblin (D:1) A jackal zombie (D:6) A leopard gecko skeleton (D:6) 2 two-headed ogres (D:10) 2 wyverns (D:10) 2 sky beasts 2 ice beasts 2 phantoms 2 centaurs 2 kobold brigands 2 jellies 2 centaur skeletons 2 iguanas 2 hound skeletons 2 howler monkey skeletons 2 river rats 2 shadow imps 2 frilled lizards 2 ball pythons 2 quokka zombies 3 leopard geckos 4 yaks 4 bullfrogs 4 ufetubi 4 hobgoblins 5 scorpions 5 howler monkeys 5 hounds 5 adders 6 worms 7 giant cockroaches 8 ogres 8 rats 10 wolves (Lair:1) 10 bats 11 worker ants 12 jackals 12 kobolds 15 orc wizards 36 orcs
230 creatures vanquished.

Action                   |  1- 3 |  4- 6 |  7- 9 | 10-12 || total
-------------------------+-------+-------+-------+-------++-------
Melee: Unarmed           |    84 |   129 |   319 |   148 ||   680
       Headbutt          |    11 |    15 |    39 |     5 ||    70
       Punch             |     1 |     3 |     7 |     9 ||    20
 Cast: Beastly Appendage |    18 |    14 |    36 |     8 ||    76
       Blade Hands       |       |     1 |     4 |     8 ||    13
       Ice Form          |       |       |     5 |       ||     5
       Wereblood         |       |       |     1 |     7 ||     8
       Spider Form       |       |       |     1 |       ||     1
       Apportation       |       |       |       |    10 ||    10
 Abil: Spit Poison       |    34 |    26 |    28 |     9 ||    97
  Use: Potion            |       |     2 |       |     1 ||     3
       Scroll            |       |       |    10 |     1 ||    11
 Stab: Sleeping          |     1 |       |     1 |       ||     2
Armor: Robe              |    15 |    19 |    57 |    21 ||   112
       Skin              |       |       |    12 |       ||    12
Dodge: Dodged            |    59 |    79 |   232 |   122 ||   492
